 Dungeon Crawl Stone Soup version 0.27.0-65-ge2af304b15 (webtiles) character file.

Game seed: 8878880859827445541

16 Malachi the Skirmisher (level 2, 0/25 HPs)
             Began as a Djinni Chaos Knight on Aug 19, 2021.
             Was a Plaything of Xom.
             Slain by a jackal (1 damage)
             ... on level 2 of the Dungeon.
             The game lasted 00:00:46 (886 turns).

Malachi the Skirmisher (Djinni Chaos Knight)         Turns: 886, Time: 00:00:46

Health: 0/25       AC:  5    Str: 11    XL:     2   Next: 70%
Gold:   53         EV: 11    Int: 13    God:    Xom [.....*] SH:  0 Dex: 12

rFire    + + .     SeeInvis .   a - +0 falchion (freeze)
rCold    x . .     Faith    .   (no shield)
rNeg     . . .     Spirit   .   b - +2 leather armour
rPois    ∞         Reflect  .   (no helmet)
rElec    .         Harm     .   (no cloak)
rCorr    .         Rampage  .   (no gloves)
Will     .....                  (boots unavailable)
Stlth    +.........             (no amulet)
HPRegen  0.08/turn              (no ring)
MPRegen  0.00/turn              (no ring)

@: flying
A: sickness immunity, fire resistance 2, cold vulnerability 1, float, innate
caster, hp casting, extra vitality 1
a: Renounce Religion


You were on level 2 of the Dungeon.
You worshipped Xom.
You were Xom's teddy bear.
You visited 1 branch of the dungeon, and saw 2 of its levels.

You collected 53 gold pieces.

Inventory:

Hand Weapons
 a - a +0 falchion of freezing (weapon)
Armour
 b - a +2 leather armour (worn)
Scrolls
 e - a scroll of identify
 f - a scroll of magic mapping
Potions
 c - a potion of ambrosia {unknown}
 d - a potion of resistance {unknown}


   Skills:
 + Level 3.3 Fighting
 + Level 3.0 Long Blades
 + Level 1.0 Armour
 + Level 2.3 Dodging


You had one spell level left.
You didn't know any spells.
Your spell library was empty.

Dungeon Overview and Level Annotations

Branches:
Dungeon (2/15)

Altars:
Trog


Innate Abilities, Weirdness & Mutations

You are immune to sickness and miasma.
You are immune to poison.
Your flesh is very heat resistant. (rF++)
You are vulnerable to cold. (rC-)
You float through the air rather than walking.
You learn spells naturally, not from books.
Your magical power is your life essence.
You have superior vitality. (+4 HP)


Message History

You closely miss the jackal.
The jackal bites you but does no damage.
The endoplasm quivers.
You hit the jackal. You freeze the jackal.
The jackal is almost dead.
You closely miss the jackal. The jackal closely misses you.
The jackal bites you but does no damage. x2
You hit the jackal but do no damage.
The jackal is almost dead.
The jackal bites you but does no damage. x2
You closely miss the jackal.
The jackal is almost dead.
The jackal closely misses you. The jackal bites you. The jackal misses you.
The jackal bites you.
You closely miss the jackal.
The jackal is almost dead.
The jackal completely misses you. The endoplasm freezes you.
You are frozen.
You feel a terrible chill! The jackal bites you. The endoplasm freezes you.
You are frozen.
You feel a terrible chill! The jackal bites you.
* * * LOW HITPOINT WARNING * * *
The jackal bites you but does no damage.
The endoplasm hits you.
* * * LOW HITPOINT WARNING * * *
You hit the endoplasm. You freeze the endoplasm.
The endoplasm is heavily wounded.
The jackal closely misses you.
You riposte.
You barely miss the jackal. The jackal barely misses you.
You riposte.
You hit the jackal. You freeze the jackal.
You kill the jackal!
The jackal closely misses you.
You riposte.
You completely miss the jackal.
The jackal is severely wounded.
The endoplasm freezes you.
You are frozen.
You feel a terrible chill!
* * * LOW HITPOINT WARNING * * *
Unknown command.
The jackal bites you.
You die... "Huh?
Did I miss anything?"

#............##..##
###.#########......
#.# #.##.##
#.####### #.##.#
#.......###.##.##
#.......+........ ##
#.......###.###.#
###..+##.......# #.#
#.#
.......@h......###.#
#..
###....J........##.#
##. #.......#.....#
#. #.........._..#
#. #.............#
#. ########......#
## #.?...... #
#........ #
.........


You could see an endoplasm and a jackal.

Vanquished Creatures
  2 bats (D:1)
  An endoplasm (D:2)
  A hobgoblin (D:1)
  A jackal (D:2)
  2 kobolds (D:1)
  A quokka (D:1)
  2 ball pythons (D:1)
  A frilled lizard (D:1)
  A goblin (D:1)
  3 rats (D:1)
15 creatures vanquished.

Notes
Turn   | Place    | Note
-------+----------+-------------------------------------------
     0 | D:1      | Malachi the Djinni Chaos Knight began the quest for the
                  | Orb.
     0 | D:1      | Reached XP level 1. HP: 20/20 MP: 0/0
   192 | D:1      | Reached XP level 2. HP: 25/25 MP: 0/0
   730 | D:1      | XOM: cloud trail
   815 | D:2      | Found a faded altar of an unknown god.
   859 | D:2      | Found a bloodstained altar of Trog.
   885 | D:2      | HP: 1/25 [frozen (4)]
   886 | D:2      | Slain by a jackal

Illustrated notes

Levels and vault maps discovered:
D:1:      minmay_arrival_open_corners, layout_loops_ring
D:2:      minmay_door_path, layout_basic, basic_altar,
          shapermc_ecumenical_altar_pompeii, hangedman_glass_teeth,
          minmay_misc_feat_ornament

Skill      XL: |  1  2 |
---------------+-------+-----
Long Blades    | 3 |  3.0
Fighting       | |  3.3
Armour         | |  1.0
Dodging        | |  2.3

Action                   || total
-------------------------++-------
Melee: Falchion          ||    29
  Use: Scroll            ||     4
 Stab: Sleeping          ||     2
Armor: Leather armour    ||    19
Dodge: Dodged            ||    27
       Rpst.: Falchion   ||    10
